 Dungeon Crawl Stone Soup version 0.20.1-1-g8b1a95d (webtiles) character file.

5000 Ymberti the Carver (level 10, -2/86 HPs)
             Began as a Hill Orc Fighter on Oct 2, 2017.
             Was a Believer of Beogh.
             Killed from afar by Erica (20 damage)
             ... with an orb of energy
             ... on level 8 of the Dungeon.
             The game lasted 00:23:39 (6156 turns).

Ymberti the Carver (Hill Orc Fighter)               Turns: 6156, Time: 00:23:40

Health: -2/86      AC:  9    Str: 22 (24) XL:     10   Next: 54%
Magic:  10/10      EV: 18    Int:  8      God:    Beogh [**....]
Gold:   345        SH: 11    Dex: 16      Spells: 9/9 levels left

rFire    . . .     SeeInvis .   a - +0 long sword
rCold    + . .     Gourm    .   c - +0 shield
rNeg     . . .     Faith    .   k - +0 ring mail of Cuytoim {Str+4}
rPois    +         Spirit   .   (no helmet)
rElec    .         Reflect  .   b - +2 cloak {rPois}
rCorr    .         Harm     .   (no gloves)
MR       .....                  (no boots)
Stlth    +.........             (no amulet)
Regen    0.7/turn               e - +5 ring of evasion
MPRegen  0.2/turn               u - +3 ring of dexterity

@: slowed, very slow
A: cold resistance 1, deterioration 1, mutation resistance 1, regeneration 1
a: Smiting, Renounce Religion


You were on level 8 of the Dungeon.
You worshipped Beogh.
Beogh was pleased with you.
You were not hungry.

You visited 1 branch of the dungeon, and saw 8 of its levels.

You collected 345 gold pieces.

Inventory:

Hand Weapons
 a - a +0 long sword (weapon)
Armour
 b - a +2 cloak of poison resistance (worn)
 c - a +0 shield (worn)
 k - the +0 ring mail of Cuytoim (worn) {Str+4}
   (You found it on level 4 of the Dungeon)

   It affects your strength (+4).
Jewellery
 e - a +5 ring of evasion (left hand)
 f - an uncursed ring of resist corrosion
 n - an uncursed ring of protection from fire
 u - a +3 ring of dexterity (right hand)
Wands
 t - a wand of disintegration (5/24)
Scrolls
 d - a scroll of amnesia {unknown}
 j - a scroll of fear {unknown}
 o - a scroll of magic mapping {unknown}
 q - 4 scrolls of remove curse
 s - 6 scrolls of teleportation
 w - a scroll of enchant weapon {unknown}
Potions
 g - a potion of ambrosia
 l - 2 potions of curing
 m - 2 potions of flight
 p - 2 potions of heal wounds
 r - a potion of brilliance {unknown}
 v - a potion of resistance {unknown}
Comestibles
 i - 6 fruits


   Skills:
 + Level 7.4 Fighting
   Level 0.4(5.5) Short Blades
 + Level 9.7 Long Blades
   Level 2.4 Maces & Flails
 + Level 6.4 Armour
 * Level 6.1 Dodging
 + Level 0.1 Stealth
 + Level 7.8 Shields


You had 9 spell levels left.
You didn't know any spells.

Dungeon Overview and Level Annotations

Branches:
Dungeon (8/15)             Temple (0/1) D:4
   Lair: D:8-11

Altars:
Dithmenos
Sif Muna
Trog
Xom

Annotations:
D:8 Erica


Innate Abilities, Weirdness & Mutations

Your flesh is cold resistant. (rC+)
Your body sometimes deteriorates upon taking damage.
You are somewhat resistant to further mutation.
Your natural rate of healing is unusually fast.


Message History

Something tries to affect you, but you resist.
You see here a flail.
You hear some strange, mumbled words.
An orb of energy appears from out of thin air!
The orb of energy hits you!
* * * LOW HITPOINT WARNING * * *
The orb of energy explodes!
You see here 3 arrows.
Something hits you.
* * * LOW HITPOINT WARNING * * *
Something burns you.
* * * LOW HITPOINT WARNING * * *
Something closely misses you.
Things that are here:
a whip; a gnoll corpse You barely miss something.
You hear some strange, mumbled words.
An orb of energy appears from out of thin air!
The orb of energy hits you!
You die...

#............. #.
#.............#
#.###
##.........)##..
#....#
###....####### #.#
#.....###...#..##..#
............#..#..8#
.......?.#......._.+
........(.)###[#..8#
..........(@))<# ..#
..........###### ##
.......#.....
.......##.##..#
....... ... ...
....... .... ..
........##..$ .
###...## ####


There were no monsters in sight!

Vanquished Creatures
  A two-headed ogre (D:8)
  Pikel (D:6)
  A deep elf mage (D:7)
  A hippogriff (D:8)
  Sigmund (D:4)
  Grum (D:8)
  The ghost of sasori113 the Skirmisher, an amateur DsAK of Lugonu (D:4)
  A water moccasin (D:5)
  2 slaves (D:6)
  3 orc warriors
  2 sky beasts
  5 ogres
  3 centaurs
  2 necrophages
  2 wolves (D:8)
  3 bullfrogs
  3 scorpions
  A howler monkey (D:8)
  2 crimson imps (D:7)
  5 hounds
  A bullfrog zombie (D:8)
  7 orc wizards
  A bullfrog skeleton (D:7)
  A jelly (D:8)
  Crazy Yiuf (D:4)
  3 iguanas (D:4)
  4 worker ants
  Terence (D:3)
  A hound zombie (D:5)
  A worker ant zombie (D:5)
  2 gnolls (D:8)
  13 adders
  2 shadow imps
  An adder zombie (D:8)
  3 worms
  A dart slug (D:1)
  4 leopard geckos
  17 orcs
  4 giant cockroaches
  4 goblins
  2 hobgoblins
  11 jackals
  2 quokkas
  A ball python (D:2)
  12 bats
  3 frilled lizards
  2 kobolds
  A leopard gecko skeleton (D:5)
  A quokka skeleton (D:4)
  10 rats
158 creatures vanquished.

Vanquished Creatures (others)
  A centaur (D:4)
  An orc priest (D:4)
  An orc wizard (D:4)
  A gnoll (D:8)
  An orc (D:4)
  A ball python (D:4)
  A plant (D:8)
7 creatures vanquished.

Grand Total: 165 creatures vanquished

Notes
Turn   | Place    | Note
-------+----------+-------------------------------------------
     0 | D:1      | Ymberti the Hill Orc Fighter began the quest for the Orb.
     0 | D:1      | Reached XP level 1. HP: 19/19 MP: 1/1
   241 | D:1      | Reached XP level 2. HP: 26/27 MP: 2/2
   643 | D:2      | Reached XP level 3. HP: 31/33 MP: 3/3
  1172 | D:3      | Noticed Terence
  1176 | D:3      | Reached skill level 1 in Dodging
  1187 | D:3      | Killed Terence
  1187 | D:3      | Reached skill level 3 in Long Blades
  1187 | D:3      | Reached XP level 4. HP: 31/40 MP: 4/4
  1238 | D:3      | Reached XP level 5. HP: 19/46 MP: 5/5
  1897 | D:4      | Noticed sasori113's ghost (amateur DsAK)
  2155 | D:4      | Found a shimmering altar of Xom.
  2158 | D:4      | Became a worshipper of Beogh the Brigand
  2168 | D:4      | Found a staircase to the Ecumenical Temple.
  2168 | D:4      | Noticed an ogre
  2177 | D:4      | Killed an ogre
  2177 | D:4      | Reached skill level 4 in Long Blades
  2177 | D:4      | Reached XP level 6. HP: 20/53 MP: 6/6
  2379 | D:4      | Found a shadowy altar of Dithmenos.
  2393 | D:4      | Noticed Sigmund
  2659 | D:4      | Killed Sigmund
  2659 | D:4      | Reached skill level 5 in Long Blades
  2659 | D:4      | Reached XP level 7. HP: 32/60 MP: 7/7
  2671 | D:4      | Gained mutation: Your flesh is cold resistant. (rC+) [potion of mutation]
  2671 | D:4      | Gained mutation: You are somewhat resistant to further mutation. [potion of mutation]
  2671 | D:4      | Gained mutation: Your natural rate of healing is unusually fast. [potion of mutation]
  2761 | D:4      | Got a dazzling ring mail
  2785 | D:4      | Identified the +0 ring mail of Cuytoim {Str+4} (You found it on level 4 of the Dungeon)
  2864 | D:4      | Got a warped dagger
  2865 | D:4      | Identified the +5 dagger of the Three Continents {freeze, +Inv} (You found it on level 4 of the Dungeon)
  3153 | D:4      | Killed sasori113's ghost
  3153 | D:4      | Reached skill level 5 in Fighting
  3245 | D:4      | Found a runed door.
  3250 | D:4      | Noticed Crazy Yiuf
  3254 | D:4      | Killed Crazy Yiuf
  3254 | D:4      | Reached skill level 6 in Long Blades
  3254 | D:4      | Reached skill level 5 in Armour
  3296 | D:5      | Entered Level 5 of the Dungeon
  3364 | D:5      | Reached XP level 8. HP: 68/68 MP: 8/8
  3423 | D:5      | Reached skill level 5 in Shields
  3771 | D:5      | Reached * piety under Beogh
  4167 | D:6      | Reached skill level 7 in Long Blades
  4199 | D:6      | Noticed Pikel
  4470 | D:6      | Reached skill level 1 in Maces & Flails
  4746 | D:6      | Found a bloodstained altar of Trog.
  4940 | D:6      | Reached XP level 9. HP: 64/73 MP: 9/9
  5054 | D:6      | Killed Pikel
  5198 | D:7      | Reached skill level 5 in Dodging
  5499 | D:7      | Reached skill level 8 in Long Blades
  5664 | D:7      | Reached ** piety under Beogh
  5785 | D:7      | Noticed a deep elf mage
  5787 | D:7      | Noticed a jumping spider
  5797 | D:7      | Gained mutation: Your body sometimes deteriorates upon taking damage. [a neqoxec]
  5806 | D:7      | Killed a deep elf mage
  5806 | D:7      | Reached XP level 10. HP: 30/83 MP: 10/10
  5882 | D:8      | Noticed a two-headed ogre
  5927 | D:8      | Noticed Grum
  5948 | D:8      | Killed a two-headed ogre
  5948 | D:8      | Reached skill level 9 in Long Blades
  5972 | D:8      | Killed Grum
  5985 | D:8      | Found a deep blue altar of Sif Muna.
  6102 | D:8      | Noticed Erica
  6140 | D:8      | HP: 2/86 [Erica/scimitar of flaming (4)]
  6156 | D:8      | Killed from afar by Erica

Skill      XL: |  1  2  3  4  5  6  7  8  9 10 |
---------------+-------------------------------+-----
Fighting       | 4 5 6 7 |  7.4
Dodging        | 1 2 3 4 5 6 |  6.1
Long Blades    | 3 4 5 6 7 8 9 |  9.7
Shields        | 4 6 7 |  7.8
Armour         | 4 5 6 |  6.4
Maces & Flails | 2 |  2.4
Short Blades   | |  0.4
Stealth        | |  0.1

Action                   |  1- 3 |  4- 6 |  7- 9 | 10-12 || total
-------------------------+-------+-------+-------+-------++-------
Melee: Long sword        |   136 |   150 |   294 |   144 ||   724
       Dagger            |       |       |    14 |       ||    14
       Flail             |       |       |   129 |       ||   129
Invok: Convert to Beogh  |       |     1 |       |       ||     1
  Use: Potion            |       |     4 |     5 |     3 ||    12
       Scroll            |       |     6 |     9 |       ||    15
  Eat: Bread ration      |     1 |     1 |       |       ||     2
       Fruit             |       |     1 |     5 |       ||     6
       Meat ration       |       |       |     1 |       ||     1
       Royal jelly       |       |       |     1 |       ||     1
Armor: Scale mail        |    92 |    69 |     2 |       ||   163
       Ring mail         |       |       |   108 |    25 ||   133
Dodge: Dodged            |    60 |    90 |   315 |   122 ||   587
Block: Shield            |    84 |    90 |   272 |   110 ||   556
       Rpst.: Long sword |    20 |    29 |    53 |    29 ||   131
